 Dungeon Crawl Stone Soup version 0.31-a0-424-g41b3b0883d (webtiles) character file.

Game seed: 8297405688297391712

12 AdnanSaban the Trooper (level 2, -8/19 HPs)
             Began as a Gargoyle Fighter on July 30, 2023.
             Mangled by Sigmund
             ... wielding a +5 heavy scythe
              (20 damage)
             ... on level 2 of the Dungeon.
             The game lasted 00:00:38 (787 turns).

AdnanSaban the Trooper (Gargoyle Fighter)            Turns: 787, Time: 00:00:39

Health: -8/19      AC:  9    Str: 19    XL:     2   Next: 33%
Magic:  2/2        EV:  9    Int:  8    God:
Gold:   33         SH:  4    Dex:  9    Spells: 1/1 levels left

rFire   . . .        a - +0 flail
rCold   . . .        c - +0 buckler
rNeg    + . .        b - +0 scale mail
rPois   ∞            (no helmet)
rElec   +            (no cloak)
rCorr   .            (no gloves)
SInv    .            (no boots)
Will    .....        (no amulet) Stlth
                     (no ring)
HPRegen 0.23/turn    (no ring)
MPRegen 0.08/turn

%: no passive effects
@: no status effects
A: sickness immunity, AC +2, negative energy resistance 1, electricity
resistance, torment resistance 1, petrification resistance
a: no special abilities


You were on level 2 of the Dungeon.
You visited 1 branch of the dungeon, and saw 2 of its levels.

You collected 33 gold pieces.

Inventory:

Hand Weapons
 a - a +0 flail (weapon)
Missiles
 h - 12 stones (quivered)
 j - 4 atropa-tipped darts
Armour
 b - a +0 scale mail (worn)
 c - a +0 buckler (worn)
Scrolls
 e - 2 scrolls of fog {unknown}
 f - a scroll of amnesia {unknown}
 i - a scroll of teleportation {unknown}
Potions
 d - 2 potions of might
 g - 3 potions of curing {unknown}


   Skills:
 + Level 3.5 Fighting
 + Level 2.2 Maces & Flails
 + Level 3.4 Armour
 + Level 0.1 Dodging
 + Level 3.4 Shields


You had one spell level left.
You didn't know any spells.
Your spell library was empty.

Dungeon Overview and Level Annotations

Branches:
Dungeon (2/15)

Altars:

Annotations:
D:2 Sigmund


Innate Abilities, Weirdness & Mutations

You are immune to sickness and miasma.
Your stone body is resilient. (AC +2)
You are immune to poison.
You resist negative energy. (rN+)
You are resistant to electric shocks. (rElec)
You are resistant to unholy torment.
You are immune to petrification.


Message History

You open the door.
There is an open door here.
h - 12 stones (gained 3)
You open the door.
A goblin and a frilled lizard come into view.
The goblin shouts!
Found a scroll labelled XYH JIMOCY.
There are monsters nearby!
Found 17 gold pieces.
There is an open door here.
You closely miss the frilled lizard. The frilled lizard bites you.
You hit the goblin but do no damage.
The frilled lizard hisses.
The frilled lizard bites you but does no damage.
The goblin closely misses you.
The frilled lizard bites you but does no damage.
You block the goblin's attack.
Sigmund the Dreaded comes into view.
He is wielding a +5 heavy scythe and wearing a +1 robe of cold resistance.
A kobold comes into view.
It is wielding a +0 short sword of draining.
The goblin attacks as you move away! The goblin hits you but does no damage.
You completely miss the frilled lizard.
The frilled lizard bites you but does no damage.
You miss the frilled lizard.
Sigmund shouts!
Sigmund casts a spell.
Sigmund flickers and vanishes!
Deactivating autopickup; reactivate with Ctrl-A.
You block the frilled lizard's attack.
You sock the frilled lizard!
You kill the frilled lizard!
The goblin hits you but does no damage.
You completely miss the goblin. The goblin hits you but does no damage.
You closely miss the goblin. The goblin hits you but does no damage.
You closely miss the goblin. You block the goblin's attack.
The goblin hits you but does no damage. Something hits you.
You closely miss the goblin. The goblin hits you with a +0 club.
You closely miss the goblin. The goblin hits you with a +0 club.
Something hits you!!
Ouch! That really hurt!
You die...

###.........###### ....
#............# ....
#............# .....
#............#
@..?.###............#
......$#............# #
#......#............# #
#......#............# #
#.....Kg@..#####'########
#......##### #.........
####### ##########


You could see a goblin and a kobold.

Vanquished Creatures
  2 ball pythons (D:1)
  2 endoplasms (D:1)
  A giant cockroach (D:2)
  A goblin (D:1)
  2 bats (D:1)
  A frilled lizard (D:2)
  3 kobolds (D:1)
  A rat (D:1)
13 creatures vanquished.

Notes
Turn   | Place    | Note
-------+----------+-------------------------------------------
     0 | D:1      | AdnanSaban the Gargoyle Fighter began the quest for the
                  | Orb.
     0 | D:1      | Reached XP level 1. HP: 14/14 MP: 1/1
   255 | D:1      | Reached XP level 2. HP: 17/19 MP: 2/2
   385 | D:1      | Found a faded altar of an unknown god.
   778 | D:2      | Noticed Sigmund
   787 | D:2      | Mangled by Sigmund

Illustrated notes

Levels and vault maps discovered:
D:1:      dpeg_arrival_houses_and_road, layout_basic,
          dreamdust_ecumenical_altar_hidden_monk_grotto
D:2:      layout_basic, kennysheep_generic_room_15, uniq_sigmund

Action                     || total
---------------------------++-------
  Melee: Flail             ||    41
 Armour: Scale mail        ||    44
  Dodge: Dodged            ||    21
  Block: Buckler           ||    17

Table legend: (Time is in decaauts)
 A = Elapsed time spent in this place.
 B = Non-inter-level travel time spent in this place.
 C = Inter-level travel time spent in this place.
 D = Time resting spent in this place.
 E = Time spent auto-exploring this place.
 F = Levels seen in this place.
 G = Mean time per level.
                   A        B        C        D        E       F      G
               +--------+--------+--------+--------+--------+-----+--------+
         Total |    799 |    724 |     75 |      0 |    626 |   2 |  399.5 |
       Dungeon |    799 |    724 |     75 |      0 |    626 |   2 |  399.5 |
               +--------+--------+--------+--------+--------+-----+--------+

Top non-repeatable levels by time:
     D:1: 711 daAuts
     D:2: 88 daAuts
